 Dungeon Crawl Stone Soup version 0.30.0-20-g3615ddf2f0 (webtiles) character file.

Game seed: 6580213757947546400

87 qw the Chopper (level 4, -3/28 HPs)
             Began as a Gargoyle Fighter on May 30, 2023.
             Slain by Sigmund
             ... wielding a +0 scythe
              (5 damage)
             ... on level 2 of the Dungeon.
             The game lasted 00:01:03 (1809 turns).

qw the Chopper (Gargoyle Fighter)                   Turns: 1809, Time: 00:01:03

Health: -3/28      AC: 13    Str: 20 (21) XL:     4   Next: 51%
Magic:  4/4        EV:  9    Int:  8 (9)  God:
Gold:   89         SH:  4    Dex:  7 (9)  Spells: 3/3 levels left

rFire   . . .        Y - +0 war axe
rCold   . . .        c - +0 buckler
rNeg    + . .        b - +0 scale mail
rPois   inf          (no helmet)
rElec   +            (no cloak)
rCorr   .            (no gloves)
SInv    .            m - +2 pair of boots
Will    .....        (no amulet) Stlth
                     (no ring)
HPRegen 0.24/turn    (no ring)
MPRegen 0.09/turn

%: no passive effects
@: no status effects
A: sickness immunity, AC +3, negative energy resistance 1, electricity
resistance, torment resistance 1, petrification resistance
a: no special abilities


You were on level 2 of the Dungeon.
You visited 1 branch of the dungeon, and saw 2 of its levels.

You collected 89 gold pieces.


Innate Abilities, Weirdness & Mutations

You are immune to sickness and miasma.
Your stone body is resilient. (AC +3)
You are immune to poison.
You resist negative energy. (rN+)
You are resistant to electric shocks. (rElec)
You are resistant to unholy torment.
You are immune to petrification.


   Skills:
 - Level 3.2 Fighting
 + Level 4.2 Axes
 - Level 3.2 Armour
 - Level 3.2 Shields


You had 3 spell levels left.
You didn't know any spells.
Your spell library was empty.

Inventory:

Hand Weapons
 e - a +0 flail
 Y - a +0 war axe (weapon)
Armour
 b - a +0 scale mail (worn)
 c - a +0 buckler (worn)
 j - an orb of wrath
 m - a +2 pair of boots (worn)
Scrolls
 g - a scroll of identify
Potions
 a - a potion of berserk rage {unknown}
 d - 3 potions of might
 f - a potion of brilliance {unknown}
 h - a potion of lignification
 i - 2 potions of heal wounds {unknown}

Dungeon Overview and Level Annotations

Branches:
Dungeon (2/15)

Altars:

Shops:
D:2 =

Annotations:
D:2 Sigmund


Message History

You bump into the rock wall.
Sigmund appears from thin air!
Reactivating autopickup.
Sigmund closely misses you.
1795 ||| DRINKING potion of curing.
You feel better.
1795 ||| (to cure confusion) Sigmund points at you and mumbles some strange words.
The magic dart hits you but does no damage.
You hit Sigmund.
Sigmund is almost dead.
Sigmund casts a spell.
Sigmund flickers and vanishes!
Deactivating autopickup; reactivate with Ctrl-A.
You closely miss something. Something hits you but does no damage.
You miss something. Something hits you but does no damage.
You closely miss something. Something hits you but does no damage.
You barely miss something. Something completely misses you.
You barely miss something. Something hits you but does no damage.
You closely miss something.
You hear some strange, mumbled words.
You are confused.
You bump into the rock wall.
Something hits you!
You hit something.
You bump into the rock wall.
Something hits you!
You bump into the rock wall.
Something hits you.
You bump into the rock wall.
Something hits you but does no damage.
You feel less confused. Something hits you but does no damage.
You swing at nothing.
Something hits you.
You die...

### ### ###.#
#.# ....# ..#
###.# #.# #.#
#.# #[# #.#
#.# #{# #.#
###########.#
#.#
#.........@.#
#.#
#.###########
#.# #.# ###.#
#.# ..#.# #.#
#.#.# #.#
..#.# #%#
>)).# #.#
.####.#.#


There were no monsters in sight!

Vanquished Creatures
  3 gnolls (D:2)
  An adder (D:2)
  A worm (D:2)
  A bat (D:1)
  2 endoplasms (D:2)
  4 giant cockroaches
  5 hobgoblins
  3 jackals (D:1)
  9 kobolds
  2 quokkas
  A ball python (D:1)
  A frilled lizard (D:2)
  7 goblins
  4 rats
44 creatures vanquished.

Notes
Turn   | Place    | Note
-------+----------+-------------------------------------------
     0 | D:1      | qw the Gargoyle Fighter began the quest for the Orb.
     0 | D:1      | Reached XP level 1. HP: 14/14 MP: 1/1
     0 | D:1      | 0 ||| qw: Version: 0.2-a-102-g2b76a06
     0 | D:1      | 0 ||| qw: Game counter: 490
     0 | D:1      | 0 ||| qw: Always use a shield: true
     0 | D:1      | 0 ||| qw: God list: Okawaru
     0 | D:1      | 0 ||| qw: Allow faded altars: false
     0 | D:1      | 0 ||| qw: Do Orc after D:15 true
     0 | D:1      | 0 ||| qw: Do second Lair branch before Depths: true
     0 | D:1      | 0 ||| qw: Lair rune preference: random
     0 | D:1      | 0 ||| qw: Plans: Normal, Zot:1-4, Slime:5, God:TSO, Crypt,
                  | Tomb, Pan, Hells, Abyss, Win
     0 | D:1      | 0 ||| PLANNING D:1-11
     2 | D:1      | Noticed a spriggan
     2 | D:1      | Noticed a demigod
     4 | D:1      | Noticed a human
     4 | D:1      | Noticed a vine stalker
     6 | D:1      | Noticed an armataur
     6 | D:1      | Noticed a formicid
     8 | D:1      | Noticed a meteoran
     8 | D:1      | Noticed a ghoul
    10 | D:1      | Noticed a felid
    12 | D:1      | Noticed a gargoyle
    12 | D:1      | Noticed an ogre
    14 | D:1      | Noticed a tengu
    17 | D:1      | Noticed a troll
    19 | D:1      | Noticed an octopode
    19 | D:1      | Noticed a merfolk
    21 | D:1      | Noticed a draconian
    21 | D:1      | Noticed an elf
    23 | D:1      | Noticed a vampire
    23 | D:1      | Noticed a naga
    25 | D:1      | Noticed a demonspawn
    25 | D:1      | Noticed a demonspawn
    27 | D:1      | Noticed a naga
    27 | D:1      | Noticed a ghoul
    64 | D:1      | Reached skill level 2 in Axes
   108 | D:1      | 108 ||| DROPPING +0 club.
   124 | D:1      | 124 ||| Stepping ~*~*~tactically~*~*~ (hiding).
   126 | D:1      | 126 ||| Stepping ~*~*~tactically~*~*~ (hiding).
   128 | D:1      | 128 ||| Stepping ~*~*~tactically~*~*~ (hiding).
   153 | D:1      | 153 ||| Stepping ~*~*~tactically~*~*~ (stealth).
   172 | D:1      | Reached XP level 2. HP: 19/19 MP: 2/2
   215 | D:1      | 215 ||| Stepping ~*~*~tactically~*~*~ (stealth).
   639 | D:1      | 639 ||| Stepping ~*~*~tactically~*~*~ (stealth).
   640 | D:1      | 640 ||| Stepping ~*~*~tactically~*~*~ (stealth).
   654 | D:1      | 654 ||| Stepping ~*~*~tactically~*~*~ (stealth).
   668 | D:1      | 668 ||| Stepping ~*~*~tactically~*~*~ (stealth).
   669 | D:1      | 669 ||| Stepping ~*~*~tactically~*~*~ (stealth).
   676 | D:1      | Reached skill level 3 in Axes
   681 | D:1      | 681 ||| Stepping ~*~*~tactically~*~*~ (stealth).
   683 | D:1      | 683 ||| Stepping ~*~*~tactically~*~*~ (stealth).
   690 | D:1      | Reached XP level 3. HP: 22/23 MP: 3/3
   780 | D:1      | 780 ||| UPGRADING to +2 pair of boots.
   785 | D:1      | 785 ||| READING scroll labelled AGEKKE RUHI.
   786 | D:1      | 786 ||| READING scroll labelled INLECL YBBURI.
   787 | D:1      | 787 ||| READING scroll labelled DIHAWE GUVINYS.
   790 | D:1      | 790 ||| DRINKING 2 ruby potions.
   791 | D:1      | 791 ||| DRINKING 2 bubbling coppery potions.
   832 | D:1      | 832 ||| DRINKING 2 bubbling black potions.
   833 | D:1      | 833 ||| DROPPING potion of degeneration.
   862 | D:2      | Found Vuha's Jewellery Shop.
   866 | D:2      | 866 ||| SHOPLISTING +4 ring of protection (360 gold, have
                  | 40).
   866 | D:2      | 866 ||| SHOPLISTING +5 ring of evasion (360 gold, have 40).
   866 | D:2      | 866 ||| SHOPLISTING amulet of guardian spirit (300 gold,
                  | have 40).
   866 | D:2      | 866 ||| SHOPLISTING amulet of reflection (300 gold, have
                  | 40).
   866 | D:2      | 866 ||| SHOPLISTING amulet of the acrobat (300 gold, have
                  | 40).
   866 | D:2      | 866 ||| SHOPLISTING ring of ice (250 gold, have 40).
   957 | D:2      | 957 ||| Stepping ~*~*~tactically~*~*~ (stealth).
   982 | D:2      | 982 ||| Stepping ~*~*~tactically~*~*~ (stealth).
   983 | D:2      | 983 ||| Stepping ~*~*~tactically~*~*~ (stealth).
   989 | D:2      | 989 ||| Stepping ~*~*~tactically~*~*~ (stealth).
  1104 | D:2      | Reached XP level 4. HP: 24/28 MP: 4/4
  1105 | D:2      | Reached skill level 4 in Axes
  1119 | D:2      | 1119 ||| Stepping ~*~*~tactically~*~*~ (stealth).
  1120 | D:2      | 1120 ||| Stepping ~*~*~tactically~*~*~ (stealth).
  1184 | D:2      | 1184 ||| DROPPING +0 mace.
  1226 | D:2      | 1226 ||| Stepping ~*~*~tactically~*~*~ (stealth).
  1276 | D:2      | 1276 ||| DROPPING +2 mace of distortion.
  1432 | D:2      | 1432 ||| Stepping ~*~*~tactically~*~*~ (stealth).
  1588 | D:2      | 1588 ||| Stepping ~*~*~tactically~*~*~ (hiding).
  1758 | D:2      | Noticed Sigmund
  1784 | D:2      | HP: 5/28 [something/magic dart (7)]
  1792 | D:2      | HP: 4/28 [something (4)]
  1795 | D:2      | 1795 ||| DRINKING potion of curing.
  1795 | D:2      | 1795 ||| (to cure confusion)
  1805 | D:2      | HP: 2/28 [something (8)]
  1809 | D:2      | Slain by Sigmund

Levels and vault maps discovered:
D:1:      kb_arrival_jail, layout_basic
D:2:      layout_basic, serial_shops, nicolae_shop_hallway_stairs, uniq_sigmund

Skill      XL: |  1  2  3  4 |
---------------+-------------+-----
Axes           | 2 3 4 |  4.2
Fighting       | |  3.2
Armour         | |  3.2
Shields        | |  3.2

Action                     |  1- 3 |  4- 6 || total
---------------------------+-------+-------++-------
  Melee: War axe           |   120 |    53 ||   173
    Use: Potion            |     3 |     1 ||     4
         Scroll            |     3 |       ||     3
 Armour: Scale mail        |    76 |    36 ||   112
  Dodge: Dodged            |    42 |     8 ||    50
  Block: Buckler           |    17 |     2 ||    19

Table legend:
 A = Non-vault XP
 B = Vault XP
 C = Vault XP percentage of total XP
 D = Non-vault monster count
 E = Vault monster count
 F = Vault count percentage of total count
                 A         B        C        D         E       F
            +---------+---------+-------+---------+---------+-------
      Total |     125 |       0 |   0.0 |      44 |       0 |   0.0
            +---------+---------+-------+---------+---------+-------
        D:1 |      39 |       0 |   0.0 |      23 |       0 |   0.0
        D:2 |      86 |       0 |   0.0 |      21 |       0 |   0.0
            +---------+---------+-------+---------+---------+-------
